[Event "Titled Tuesday Blitz June 21 Early 2022"]
[White "Lianes Garcia, Marcos"]
[Black "Onslow, Alfie"]
[WhiteFideId "32060777"]
[BlackFideId "436976"]
[WhiteElo "2720"]
[BlackElo "2351"]
[Result "1-0"]
[Round "02"]
[TimeControl "180+1"]
[Date "2022.06.22"]
[WhiteClock "0:00:23"]
[BlackClock "0:00:04"]

1. e4 g6 2. g3 Bg7 3. Bg2 c6 4. Ne2 d5 5. d4 dxe4 6. Bxe4 Nf6 7. Bg2 O-O 8. O-O Nbd7 9. c4 e5 10. d5 cxd5 11. cxd5 Ne8 12. Nbc3 Nd6 13. b3 f5 14. Ba3 Nf6 15. Rc1 a6 16. Na4 Nfe8 17. Nc5 Qa5 18. Bb2 e4 19. Bxg7 Nxg7 20. a4 b6 21. Ne6 Bxe6 22. dxe6 Qe5 23. Rc6 Rfd8 24. Nf4 Rac8 25. Rxc8 Rxc8 26. Qe2 Nxe6 27. Nxe6 Qxe6 28. Qxa6 Qxb3 29. a5 Qc4 30. Qxb6 Nf7 31. Rb1 Qa4 32. Bf1 Ne5 33. Qe6+ 1-0


[Site "https://www.chess.com"]

[Event "Titled Tuesday Blitz June 21 Early 2022"]
[White "Ljukin, Sergei"]
[Black "Gabrielian, Artur"]
[WhiteFideId "14102200"]
[BlackFideId "4131002"]
[WhiteElo "2469"]
[BlackElo "2757"]
[Result "0-1"]
[Round "02"]
[TimeControl "180+1"]
[Date "2022.06.22"]
[WhiteClock "0:00:08"]
[BlackClock "0:00:20"]

1. e4 c5 2. Nf3 d6 3. d4 cxd4 4. Nxd4 Nf6 5. Nc3 Nc6 6. Bc4 Qb6 7. Nb3 e6 8. Bg5 Be7 9. Bxf6 gxf6 10. Qh5 Bd7 11. Rf1 Ne5 12. Be2 O-O-O 13. f4 Ng6 14. g3 Kb8 15. O-O-O Rc8 16. Kb1 a6 17. Bd3 Rc7 18. Ne2 Rhc8 19. Qxh7 Be8 20. h4 a5 21. h5 Nf8 22. Qh6 a4 23. Nbc1 a3 24. b3 Bb5 25. c4 Bxc4 26. Bxc4 Rxc4 27. f5 Rxe4 28. Qd2 Re5 29. g4 Rec5 30. Nd3 R5c7 31. Ndf4 d5 32. Rc1 Bd6 33. h6 Be5 34. Nd3 Bd6 35. fxe6 fxe6 36. Rxf6 Rxc1+ 37. Nexc1 Qd4 38. Rf1 Be5 0-1


[Site "https://www.chess.com"]

[Event "Titled Tuesday Blitz June 21 Early 2022"]
[White "Lopez Del Alamo, Antonio"]
[Black "Aslanov, Umid"]
[WhiteFideId "2227339"]
[BlackFideId "13412620"]
[WhiteElo "2089"]
[BlackElo "1796"]
[Result "0-1"]
[Round "02"]
[TimeControl "180+1"]
[Date "2022.06.22"]
[WhiteClock "0:00:50"]
[BlackClock "0:00:22"]

1. e4 c5 2. Nf3 d6 3. d4 cxd4 4. Nxd4 Nf6 5. Nc3 a6 6. Be2 e5 7. Nb3 Be7 8. Be3 Be6 9. Nd5 Bxd5 10. exd5 O-O 11. c4 Nbd7 12. O-O Ne8 13. Qd2 Rc8 14. Na5 Rc7 15. b4 f5 16. f4 exf4 17. Bxf4 Bf6 18. Rac1 Be5 19. Kh1 Nef6 20. Bf3 Ne4 21. Bxe4 fxe4 22. Qe3 Bxf4 23. Rxf4 Ne5 24. Rxe4 Rcf7 25. h3 h5 26. c5 Ng6 27. Nc4 dxc5 28. Qxc5 Qg5 29. Ne3 Qg3 30. d6 Nh4 31. Qxh5 Rf1+ 32. Rxf1 Rxf1+ 33. Nxf1 Qxg2# 0-1


[Site "https://www.chess.com"]

[Event "Titled Tuesday Blitz June 21 Early 2022"]
[White "Lorente Serrano, Rosa Adela"]
[Black "Joie, Sebastien"]
[WhiteFideId "32091982"]
[BlackFideId "650420"]
[WhiteElo "1820"]
[BlackElo "2397"]
[Result "0-1"]
[Round "02"]
[TimeControl "180+1"]
[Date "2022.06.22"]
[WhiteClock "0:01:37"]
[BlackClock "0:02:04"]

1. Nf3 d5 2. g3 c6 3. Bg2 Bf5 4. O-O e6 5. d3 h6 6. c4 dxc4 7. dxc4 Qxd1 8. Rxd1 Bc2 9. Rd2 Bh7 10. Nc3 Bb4 11. Ne5 Nf6 12. Rd8+ Kxd8 13. Nxf7+ Ke7 14. Nxh8 Nbd7 15. Be3 Rxh8 16. Rd1 Bc5 17. Bc1 Ne5 18. Na4 Bc2 0-1


[Site "https://www.chess.com"]

[Event "Titled Tuesday Blitz June 21 Early 2022"]
[White "Lorne, Ras Malaku"]
[Black "D`Arruda, Ricardo D."]
[WhiteFideId "7400330"]
[BlackFideId "100692"]
[WhiteElo "2199"]
[BlackElo "2499"]
[Result "0-1"]
[Round "02"]
[TimeControl "180+1"]
[Date "2022.06.22"]
[WhiteClock "0:00:04"]
[BlackClock "0:00:35"]

1. d4 Nf6 2. Bg5 e6 3. Nf3 d5 4. e3 Be7 5. c4 c6 6. Nc3 Nbd7 7. h3 O-O 8. c5 e5 9. dxe5 Ne4 10. Bxe7 Qxe7 11. Nxe4 dxe4 12. Nd2 Nxc5 13. Qc2 Qxe5 14. Rc1 b6 15. b4 Nd3+ 16. Bxd3 exd3 17. Qxc6 Be6 18. O-O Bxa2 19. Nf3 Qd5 20. Qc3 b5 21. Nd2 h6 22. Rfd1 Rfd8 23. Qc5 a6 24. f3 Qd7 25. e4 Rac8 26. Qb6 Rxc1 27. Rxc1 Rc8 28. Rxc8+ Qxc8 29. Kf2 Qc1 30. Qd8+ Kh7 31. Qxd3 Qb2 32. e5+ g6 33. f4 Qxb4 34. Ne4 Kg7 35. g3 Qb2+ 36. Kg1 Qb1+ 37. Qxb1 Bxb1 38. Nc3 Bd3 39. Kf2 b4 40. Nd1 a5 41. Ke3 Bb5 42. Kd4 a4 43. Kc5 a3 44. Ne3 a2 45. Nc2 b3 46. Na1 b2 0-1


[Site "https://www.chess.com"]

[Event "Titled Tuesday Blitz June 21 Early 2022"]
[White "Luo, Terry"]
[Black "Todorovic, Bojan"]
[WhiteFideId "30931045"]
[BlackFideId "917087"]
[WhiteElo "2024"]
[BlackElo "2266"]
[Result "0-1"]
[Round "02"]
[TimeControl "180+1"]
[Date "2022.06.22"]
[WhiteClock "0:01:38"]
[BlackClock "0:00:21"]

1. d4 d5 2. c4 dxc4 3. e4 Nc6 4. Nf3 Bg4 5. d5 Ne5 6. Bf4 Bxf3 7. gxf3 Ng6 8. Bg3 e5 9. Bxc4 Bd6 10. Qa4+ Kf8 11. Nc3 a6 12. Qb3 Nf6 13. Qxb7 Rb8 14. Qxa6 Rxb2 15. O-O h5 16. Rab1 Rxb1 17. Rxb1 h4 18. Qa7 Nd7 19. Bb5 hxg3 20. Bxd7 gxh2+ 21. Kh1 Qxd7 22. Rb8+ Ke7 23. Rxh8 Nxh8 24. Kxh2 Ng6 25. Ne2 Nf4 26. Nxf4 exf4 27. a4 Kf6 28. Qd4+ Be5 29. Qc4 Qd6 30. a5 Qa3 31. a6 Qxf3 32. a7 Qxf2+ 33. Kh3 Qxa7 34. Qc6+ Kg5 35. Qd7 Qe3+ 36. Kg2 0-1


[Site "https://www.chess.com"]

[Event "Titled Tuesday Blitz June 21 Early 2022"]
[White "Mangialardo, Tiago Carvalho"]
[Black "Garagulya, Konstantin"]
[WhiteFideId "2130718"]
[BlackFideId "4128931"]
[WhiteElo "2087"]
[BlackElo "2329"]
[Result "0-1"]
[Round "02"]
[TimeControl "180+1"]
[Date "2022.06.22"]
[WhiteClock "0:01:19"]
[BlackClock "0:02:48"]

1. e4 c5 2. Nf3 a6 3. d4 cxd4 4. Nxd4 Nf6 5. Nc3 e5 6. Nf3 Bb4 7. Bd3 d5 8. exd5 e4 9. Qe2 O-O 10. O-O exd3 11. Qxd3 Bxc3 12. bxc3 Qxd5 13. Bf4 Qxd3 14. cxd3 Nc6 15. Rab1 b5 16. Rfe1 Bf5 17. Re3 Nd5 0-1


[Site "https://www.chess.com"]

[Event "Titled Tuesday Blitz June 21 Early 2022"]
[White "Manukian, Artak"]
[Black "Psakhis, Lev"]
[WhiteFideId "13301373"]
[BlackFideId "2800012"]
[WhiteElo "2459"]
[BlackElo "2113"]
[Result "1-0"]
[Round "02"]
[TimeControl "180+1"]
[Date "2022.06.22"]
[WhiteClock "0:00:10"]
[BlackClock "0:00:01"]

1. e4 c5 2. Nf3 e6 3. c3 d5 4. e5 Nc6 5. d4 Bd7 6. a3 c4 7. Nbd2 Na5 8. g3 Ne7 9. Bh3 Nc8 10. O-O Nb6 11. Re1 h6 12. Nf1 Ba4 13. Qe2 Nb3 14. Rb1 Nxc1 15. Rbxc1 Qd7 16. Nh4 O-O-O 17. f4 g6 18. Ne3 Kb8 19. Ng4 Be7 20. Nf6 Bxf6 21. exf6 Qc7 22. Qe5 Nd7 23. Qxc7+ Kxc7 24. Nf3 Nxf6 25. Ne5 Rhf8 26. g4 h5 27. g5 Ne8 28. Kf2 Nd6 29. Ke3 Rfe8 30. Re2 Bd7 31. Rg1 b5 32. Ra1 a5 33. Ree1 Rb8 34. Kd2 Rb7 35. Bg2 Reb8 36. Reb1 b4 37. axb4 axb4 38. Kc1 Be8 39. Bf3 Nf5 40. h3 Kd8 41. cxb4 Rxb4 42. Ra7 R4b7 43. Rxb7 Rxb7 44. Ra1 Nxd4 45. Bd1 Nb5 46. Ra8+ Ke7 47. Ba4 c3 48. bxc3 Rc7 49. Rxe8+ Kxe8 50. Bxb5+ Ke7 51. Kd2 Ra7 52. Bd3 Ra2+ 53. Bc2 Ra1 54. Nc6+ Kf8 55. c4 dxc4 56. Ne5 Rh1 57. Nxc4 Rh2+ 58. Kd3 Rxh3+ 59. Ke4 Rh2 60. Bd3 h4 61. Ne3 h3 62. Ng4 Rg2 63. Kf3 Rg1 64. Be4 Ke7 65. Nh2 Kd6 66. Kf2 Ra1 67. Kg3 Ra3+ 68. Bf3 e5 69. fxe5+ Kxe5 70. Kxh3 Kf5 71. Kg3 Kxg5 72. Ng4 f5 73. Ne5 Kf6 74. Nd7+ Ke7 75. Nb6 g5 76. Kf2 Kf6 77. Nc4 Rc3 78. Ne3 Ke5 79. Nd1 Ra3 80. Ne3 f4 81. Nc4+ 1-0


[Site "https://www.chess.com"]

[Event "Titled Tuesday Blitz June 21 Early 2022"]
[White "Martin Carmona, Gaston Manuel"]
[Black "Corrales Jimenez, Fidel"]
[WhiteFideId "22284567"]
[BlackFideId "3506690"]
[WhiteElo "2570"]
[BlackElo "2804"]
[Result "1-0"]
[Round "02"]
[TimeControl "180+1"]
[Date "2022.06.22"]
[WhiteClock "0:00:12"]
[BlackClock "0:00:43"]

1. d4 Nf6 2. c4 g6 3. Nf3 Bg7 4. g3 O-O 5. Bg2 d5 6. O-O Nc6 7. cxd5 Nxd5 8. Nc3 Nb6 9. e3 Re8 10. Re1 Bd7 11. Rb1 e5 12. d5 Na5 13. b3 c6 14. dxc6 Nxc6 15. Bb2 Bf5 16. Rc1 e4 17. Nh4 Nb4 18. Nxf5 gxf5 19. Bf1 Nxa2 20. Nxa2 Bxb2 21. Rc2 Qxd1 22. Rxd1 Be5 23. Rc5 Kg7 24. Rb5 Kf6 25. Nb4 Red8 26. Nd5+ Nxd5 27. Rdxd5 Rxd5 28. Rxd5 a6 29. Rd7 b5 30. Rb7 Rb8 31. Ra7 Rb6 32. Kg2 Rc6 33. Be2 Bc3 34. Bh5 Be1 35. Rxf7+ Ke6 36. Ra7 Rc2 37. Rxa6+ Kd5 38. Bf7+ Kc5 39. Kh3 Bxf2 40. Kh4 Bxe3 41. h3 h6 42. Be8 Bg5+ 43. Kh5 e3 44. Rc6+ Kb4 45. Rxc2 Kxb3 46. Re2 b4 47. h4 f4 48. hxg5 hxg5 49. Kxg5 Kc3 50. Kxf4 1-0


[Site "https://www.chess.com"]

[Event "Titled Tuesday Blitz June 21 Early 2022"]
[White "Martin, Lewis"]
[Black "Trakru, Rohun"]
[WhiteFideId "410551"]
[BlackFideId "2097613"]
[WhiteElo "2145"]
[BlackElo "1746"]
[Result "1-0"]
[Round "02"]
[TimeControl "180+1"]
[Date "2022.06.22"]
[WhiteClock "0:00:09"]
[BlackClock "0:00:41"]

1. e4 e6 2. d4 d5 3. Nd2 c5 4. exd5 Qxd5 5. dxc5 Bxc5 6. Ngf3 Nf6 7. Bc4 Qd8 8. O-O O-O 9. Nb3 Bb6 10. Bg5 Nbd7 11. Re1 Qc7 12. Bd3 Re8 13. c3 a6 14. Qc2 h6 15. Bh4 Ba7 16. Bg3 Qd8 17. Rad1 b5 18. Be4 Nxe4 19. Qxe4 Rb8 20. Bxb8 Bxb8 21. Nc5 Qc7 22. Nxd7 Bxd7 23. Ne5 Bc8 24. Qc6 Qe7 25. f4 Bb7 26. Qd7 Ba7+ 27. Kh1 Bd5 28. Qxe7 Rxe7 29. b3 Rc7 30. Rd3 f6 31. Nf3 Kf7 32. Rc1 Rc8 33. c4 Be4 34. Rd7+ Kg6 35. Rxa7 Kf5 36. Rxa6 Kxf4 37. Rxe6 b4 38. Re1 f5 39. Nd4 Ra8 40. Re2 g5 41. Rxh6 Bd3 42. Re1 Rxa2 43. Ne6+ Kg4 44. h3+ Kg3 45. Rg6 Be4 46. Rxg5+ Kh4 47. Rg8 Rb2 48. Nc5 Bc6 49. Kh2 f4 50. Re7 Rxg2+ 51. Rxg2 f3 52. Rf2 Kg5 53. Re5+ Kf4 54. Re8 Bxe8 55. Nd3+ Ke3 56. Kg3 Bc6 57. Nxb4 Be4 58. Nd5+ Kd4 59. h4 Ke5 60. Rxf3 Bxf3 61. Kxf3 Kf5 62. h5 Kg5 63. b4 Kxh5 64. b5 Kg6 65. Ke4 Kf7 66. Ke5 Ke8 67. Kd6 Kf7 68. Kd7 Kg6 69. b6 Kf5 70. b7 Ke4 71. b8=Q Kd4 72. Qd6 Kxc4 73. Kc6 Kd3 74. Nf4+ Ke4 75. Kc5 Kf5 76. Kd4 Kg4 77. Ke4 Kg3 78. Nd3+ Kg4 79. Qg6+ Kh3 80. Kf3 Kh2 81. Qg2# 1-0


[Site "https://www.chess.com"]

[Event "Titled Tuesday Blitz June 21 Early 2022"]
[White "Martinez Alcantara, Jose Eduardo"]
[Black "Kucuksari, Kaan"]
[WhiteFideId "3805662"]
[BlackFideId "6380166"]
[WhiteElo "2703"]
[BlackElo "2305"]
[Result "1-0"]
[Round "02"]
[TimeControl "180+1"]
[Date "2022.06.21"]
[WhiteClock "0:00:23"]
[BlackClock "0:00:08"]

1. e4 c6 2. d4 d5 3. e5 c5 4. Nf3 Nc6 5. dxc5 Bg4 6. c3 e6 7. Be3 Bxf3 8. Qxf3 Nxe5 9. Bb5+ Nc6 10. c4 Nf6 11. Nc3 Be7 12. Rd1 O-O 13. O-O a6 14. cxd5 exd5 15. Nxd5 Nxd5 16. Rxd5 Qa5 17. Bc4 Bf6 18. Rf5 Ne5 19. Qf4 Nxc4 20. Qxc4 Bxb2 21. Qb3 Bf6 22. g4 Qb5 23. Qxb5 axb5 24. Rb1 Rxa2 25. Rxb5 Rb2 26. Rxb2 Bxb2 27. Rd5 h5 28. gxh5 f6 29. Kg2 Rf7 30. Kf3 Re7 31. h6 g5 32. h4 gxh4 33. Rh5 Kh7 34. Rxh4 Be5 35. Rg4 f5 36. Rg5 Kxh6 37. Rxf5+ Kg6 38. Kg4 Bf6 39. Rxf6+ Kxf6 40. Bg5+ Ke6 41. Bxe7 Kxe7 42. f4 Ke6 43. Kg5 Kf7 44. Kf5 Ke7 45. Kg6 Ke8 46. f5 Ke7 47. Kg7 1-0


[Site "https://www.chess.com"]

[Event "Titled Tuesday Blitz June 21 Early 2022"]
[White "Matinian, Nikita"]
[Black "Obrien, Matthew"]
[WhiteFideId "24129100"]
[BlackFideId "2059150"]
[WhiteElo "2771"]
[BlackElo "2549"]
[Result "1-0"]
[Round "02"]
[TimeControl "180+1"]
[Date "2022.06.22"]
[WhiteClock "0:00:18"]
[BlackClock "0:00:03"]

1. e4 e6 2. d4 d5 3. Nc3 Bb4 4. e5 c5 5. a3 Bxc3+ 6. bxc3 Qa5 7. Bd2 Qa4 8. Qb1 c4 9. h4 Nc6 10. h5 h6 11. Rh3 Nge7 12. Ne2 Bd7 13. g4 O-O-O 14. f4 g6 15. hxg6 fxg6 16. Ng3 h5 17. gxh5 gxh5 18. Rxh5 Rxh5 19. Nxh5 Nf5 20. Bh3 Rh8 21. Bg4 Be8 22. Bxf5 Rxh5 23. Bxe6+ Kb8 24. Bxd5 Bg6 25. Qd1 Ne7 26. Bg2 Rh2 27. Qf3 Qb5 28. d5 Nf5 29. Qg4 Nh4 30. Bf1 Qxd5 31. O-O-O Qe4 32. Bd3 cxd3 33. Qg5 Qd5 34. c4 Qd7 35. c3 Nf3 36. Qxg6 Nxd2 37. Rxd2 Rh1+ 38. Kb2 a6 39. Qd6+ Qxd6 40. exd6 Rh3 41. c5 Kc8 42. Kb3 Kd7 43. Kc4 Kc6 44. Rxd3 1-0


[Site "https://www.chess.com"]

[Event "Titled Tuesday Blitz June 21 Early 2022"]
[White "Matyukov, Petr"]
[Black "Maiorov, Nikita"]
[WhiteFideId "4103688"]
[BlackFideId "13501720"]
[WhiteElo "2278"]
[BlackElo "2417"]
[Result "0-1"]
[Round "02"]
[TimeControl "180+1"]
[Date "2022.06.22"]
[WhiteClock "0:00:08"]
[BlackClock "0:00:05"]

1. c4 e6 2. g3 d5 3. d4 Nf6 4. Nf3 Bb4+ 5. Bd2 Bd6 6. Bg2 O-O 7. O-O c6 8. Qc2 Nbd7 9. Nc3 dxc4 10. e4 e5 11. d5 Nc5 12. Nh4 cxd5 13. exd5 Rb8 14. Nb5 Be7 15. Qxc4 a6 16. Nc3 b5 17. Qe2 b4 18. Ne4 Nfxe4 19. Bxe4 Bxh4 20. gxh4 Bh3 21. Rfc1 Nxe4 22. Qxe4 f6 23. Bxb4 Rf7 24. d6 Be6 25. Rc3 Rfb7 26. Ba3 Rb5 27. h5 Qe8 28. Qf3 Bd5 29. Qg4 Be6 30. Qf3 e4 31. Qxe4 Re5 32. d7 Bxd7 33. Qc4+ Be6 34. Qc7 Rc8 35. Qe7 Rg5+ 36. Kf1 Qb5+ 37. Ke1 Rg1+ 38. Kd2 Qd5+ 39. Kc2 Bf5+ 40. Qe4 Bxe4# 0-1


[Site "https://www.chess.com"]

[Event "Titled Tuesday Blitz June 21 Early 2022"]
[White "Melikhov, Evgeny V."]
[Black "Jeet, Jain"]
[WhiteFideId "4122046"]
[BlackFideId "5073022"]
[WhiteElo "1904"]
[BlackElo "2055"]
[Result "0-1"]
[Round "02"]
[TimeControl "180+1"]
[Date "2022.06.22"]
[WhiteClock "0:00:35"]
[BlackClock "0:00:47"]

1. d4 d5 2. c4 c6 3. Nc3 e6 4. e3 f5 5. g4 fxg4 6. Qxg4 Nf6 7. Qg2 g6 8. Nf3 Nbd7 9. Bd3 Rg8 10. Bd2 a6 11. c5 b6 12. cxb6 Qxb6 13. Na4 Qa7 14. O-O c5 15. dxc5 Nxc5 16. Nxc5 Bxc5 17. Ne5 Bd7 18. Rac1 Bd6 19. Bc3 Nh5 20. Bd4 Qb7 21. Rc3 Ng7 22. Bxg6+ Kf8 23. Bxh7 Bb5 24. Qf3+ Nf5+ 25. Bxg8 Kxg8 26. Rfc1 Kf8 27. Kh1 Be8 28. Rg1 Qh7 29. Qg4 Bf7 30. Nxf7 Qxh2# 0-1


[Site "https://www.chess.com"]

[Event "Titled Tuesday Blitz June 21 Early 2022"]
[White "Mickiewicz, Piotr"]
[Black "Harvey, Marcus R"]
[WhiteFideId "1114891"]
[BlackFideId "400092"]
[WhiteElo "2209"]
[BlackElo "2485"]
[Result "1-0"]
[Round "02"]
[TimeControl "180+1"]
[Date "2022.06.22"]
[WhiteClock "0:00:13"]
[BlackClock "0:00:28"]

1. e4 c5 2. Nf3 d6 3. d4 cxd4 4. Qxd4 a6 5. Bc4 Nc6 6. Qd3 e6 7. Nc3 Na5 8. Bg5 Qc7 9. Bb3 h6 10. Bh4 Nf6 11. Bxf6 gxf6 12. O-O-O b5 13. Kb1 Bd7 14. Nd4 Rb8 15. f4 Nc4 16. f5 a5 17. fxe6 fxe6 18. Ndxb5 Rxb5 19. Bxc4 Rb4 20. Bb5 Bxb5 21. Nxb5 Qb6 22. c4 a4 23. Rhf1 Be7 24. e5 f5 25. Qc3 dxe5 26. Qxe5 O-O 27. Rf3 Rxc4 28. Rg3+ Rg4 29. Nd6 Bf6 30. Qxe6+ Kh8 31. Nf7+ Rxf7 32. Qxb6 Rxg3 33. hxg3 Kg7 34. Qe6 Re7 35. Qxf5 1-0


[Site "https://www.chess.com"]

[Event "Titled Tuesday Blitz June 21 Early 2022"]
[White "Migot, Tangi"]
[Black "Delorme, Alban"]
[WhiteFideId "662445"]
[BlackFideId "623636"]
[WhiteElo "2490"]
[BlackElo "2197"]
[Result "1-0"]
[Round "02"]
[TimeControl "180+1"]
[Date "2022.06.22"]
[WhiteClock "0:02:01"]
[BlackClock "0:01:48"]

1. d4 d5 2. Bf4 Nf6 3. e3 e6 4. Nf3 Bd6 5. Bg3 O-O 6. c4 c6 7. Nc3 Qe7 8. Qc2 Nbd7 9. cxd5 exd5 10. Bd3 Re8 11. Bh4 Nf8 12. O-O-O b5 13. Kb1 Ng6 14. Bxf6 Qxf6 15. e4 dxe4 16. Nxe4 Qd8 17. Qxc6 Bf8 18. Qxa8 1-0


[Site "https://www.chess.com"]

[Event "Titled Tuesday Blitz June 21 Early 2022"]
[White "Mirzoev, Azer"]
[Black "Dubov, Daniil"]
[WhiteFideId "13400304"]
[BlackFideId "24126055"]
[WhiteElo "2525"]
[BlackElo "2791"]
[Result "1/2-1/2"]
[Round "02"]
[TimeControl "180+1"]
[Date "2022.06.21"]
[WhiteClock "0:00:09"]
[BlackClock "0:00:11"]

1. d4 Nf6 2. Nf3 g6 3. Nc3 d5 4. Bf4 Bg7 5. Nb5 Na6 6. e3 O-O 7. h3 c6 8. Nc3 Nb8 9. Be2 Nbd7 10. O-O b5 11. a4 b4 12. Na2 a5 13. c3 Qb6 14. c4 c5 15. dxc5 Nxc5 16. Be5 Rd8 17. Bd4 dxc4 18. Bxc4 Nfe4 19. Qe2 b3 20. Nc1 Qb4 21. Rd1 Be6 22. Bxe6 Nxe6 23. Bxg7 Kxg7 24. Nd3 Qc4 25. Nfe5 Qc2 26. Qf3 N6g5 27. Qf4 f6 28. Rdc1 fxe5 29. Qxe5+ Kg8 30. Rxc2 bxc2 31. Rc1 Rac8 32. h4 Rxd3 33. hxg5 Rd1+ 34. Kh2 Rxc1 35. Qe6+ Kg7 36. Qxe7+ Kg8 37. Qe6+ Kg7 38. Qxc8 Nxf2 39. Qc7+ Kg8 40. Qd8+ Kf7 41. Qd7+ Kf8 42. Qd8+ Kf7 43. Qd7+ Kf8 44. Qd8+ Kf7 1/2-1/2


[Site "https://www.chess.com"]

[Event "Titled Tuesday Blitz June 21 Early 2022"]
[White "Mitrovic, Darko R"]
[Black "Chernomordik, Pavel"]
[WhiteFideId "927023"]
[BlackFideId "2804530"]
[WhiteElo "2150"]
[BlackElo "2220"]
[Result "0-1"]
[Round "02"]
[TimeControl "180+1"]
[Date "2022.06.22"]
[WhiteClock "0:00:07"]
[BlackClock "0:01:26"]

1. d4 g6 2. c4 Bg7 3. Nf3 d6 4. Nc3 Nc6 5. g3 e5 6. d5 Nce7 7. Bg2 h6 8. O-O f5 9. e4 Nf6 10. Ne1 O-O 11. f4 exf4 12. Bxf4 Nh5 13. Be3 fxe4 14. Rxf8+ Qxf8 15. Bxe4 Nf5 16. Bf2 Nf6 17. Bg2 h5 18. h3 a6 19. Nc2 Bh6 20. Qd3 Bd7 21. Nd4 Re8 22. Rf1 Kh7 23. Kh2 Ne3 24. Bxe3 Rxe3 25. Qd1 Qe7 26. Ne6 Bxe6 27. dxe6 Qxe6 28. Bxb7 Qe5 29. Rf3 h4 30. Rxe3 Bxe3 31. Kg2 Qxg3+ 0-1


[Site "https://www.chess.com"]

[Event "Titled Tuesday Blitz June 21 Early 2022"]
[White "Mrudul Dehankar"]
[Black "Wagner, Dennis"]
[WhiteFideId "25096990"]
[BlackFideId "24650684"]
[WhiteElo "2283"]
[BlackElo "2709"]
[Result "0-1"]
[Round "02"]
[TimeControl "180+1"]
[Date "2022.06.22"]
[WhiteClock "0:00:01"]
[BlackClock "0:00:41"]

1. d4 Nf6 2. Bf4 e6 3. e3 d5 4. Nd2 Bd6 5. Bg3 c5 6. Ngf3 O-O 7. c3 Qc7 8. Ne5 Nc6 9. f4 Ne7 10. Bd3 Nf5 11. Bf2 Be7 12. Qf3 b6 13. O-O Bb7 14. Ng4 Nxg4 15. Qxg4 Nd6 16. Nf3 Ne4 17. Bh4 Bxh4 18. Qxh4 f6 19. Kh1 Bc6 20. g4 Be8 21. g5 Bg6 22. gxf6 gxf6 23. Rg1 Qf7 24. Rg2 Kh8 25. Rag1 Nf2+ 26. Qxf2 Bxd3 27. Nh4 Be4 28. Nf3 Qh5 29. Rg3 Rg8 30. Kg2 Rg4 31. Kf1 Rag8 32. Nd2 Bd3+ 0-1


[Site "https://www.chess.com"]

[Event "Titled Tuesday Blitz June 21 Early 2022"]
[White "Navara, David"]
[Black "Volkov, Maksim"]
[WhiteFideId "309095"]
[BlackFideId "54123070"]
[WhiteElo "2686"]
[BlackElo "2155"]
[Result "1-0"]
[Round "02"]
[TimeControl "180+1"]
[Date "2022.06.21"]
[WhiteClock "0:00:33"]
[BlackClock "0:01:09"]

1. d4 d5 2. c4 e6 3. Nc3 c6 4. e3 Nf6 5. Nf3 Nbd7 6. Qc2 Bd6 7. b3 O-O 8. Be2 b6 9. O-O Bb7 10. Bb2 Rc8 11. e4 dxe4 12. Nxe4 Nxe4 13. Qxe4 Nf6 14. Qh4 c5 15. Rad1 Qe7 16. Bd3 Bxf3 17. dxc5 Ne4 18. Qxe7 Bxe7 19. gxf3 Nxc5 20. Bc2 Rfd8 21. f4 Bf6 22. Bxf6 gxf6 23. Kg2 f5 24. Kf3 Kg7 25. Ke3 Kf6 26. Rxd8 Rxd8 27. b4 Na6 28. a3 Nc7 29. Rd1 Rxd1 30. Bxd1 Ke7 31. Kd4 f6 32. Be2 Kd6 33. c5+ bxc5+ 34. bxc5+ Kd7 35. Bc4 Kc6 36. a4 Nd5 37. Bxd5+ exd5 38. a5 a6 39. h4 h5 40. f3 1-0


[Site "https://www.chess.com"]

[Event "Titled Tuesday Blitz June 21 Early 2022"]
[White "Nesterov, Arseniy"]
[Black "Dobrikov, Marco"]
[WhiteFideId "24198455"]
[BlackFideId "12950378"]
[WhiteElo "2804"]
[BlackElo "2575"]
[Result "0-1"]
[Round "02"]
[TimeControl "180+1"]
[Date "2022.06.22"]
[WhiteClock "0:00:04"]
[BlackClock "0:00:33"]

1. d4 Nf6 2. c4 g6 3. Nc3 Bg7 4. e4 d6 5. Be2 O-O 6. Be3 c6 7. Nf3 a6 8. O-O b5 9. a3 bxc4 10. Bxc4 Nxe4 11. Nxe4 d5 12. Bd3 dxe4 13. Bxe4 Be6 14. Qc2 Bd5 15. Ne5 a5 16. Rac1 e6 17. Rfd1 a4 18. Nxc6 Nxc6 19. Bxd5 Nb4 20. axb4 Qxd5 21. Ra1 Rfc8 22. Qd3 h5 23. Rdc1 Rxc1+ 24. Rxc1 Bf8 25. Rc4 Qb5 26. Qc3 a3 27. bxa3 Rxa3 28. Qxa3 Qxc4 29. Bd2 Qxd4 30. Qc3 Qd5 31. h4 Bg7 32. Qc2 Bd4 33. Qc8+ Kg7 34. Bc3 e5 35. Be1 Qe4 36. Qc1 Qxh4 37. b5 Qe4 38. Ba5 Qe2 39. Qf1 Qa2 40. Bc7 Qd5 41. b6 Qc6 42. Qb1 Qf6 43. Qc2 Bxb6 44. Bb8 Bd4 45. g3 h4 46. gxh4 Qxh4 47. Bc7 Qg4+ 48. Kf1 Qf3 49. Ke1 g5 50. Bd8 g4 51. Bh4 Qh1+ 52. Ke2 Qxh4 0-1


[Site "https://www.chess.com"]

[Event "Titled Tuesday Blitz June 21 Early 2022"]
[White "Nguyen, Quoc Hy"]
[Black "Hakobyan, Aram"]
[WhiteFideId "12410853"]
[BlackFideId "13306677"]
[WhiteElo "1938"]
[BlackElo "2557"]
[Result "0-1"]
[Round "02"]
[TimeControl "180+1"]
[Date "2022.06.21"]
[WhiteClock "0:00:03"]
[BlackClock "0:01:30"]

1. d4 Nf6 2. c4 e6 3. Nc3 Bb4 4. Qc2 O-O 5. Bg5 h6 6. Bh4 c5 7. dxc5 Bxc5 8. Nf3 Nc6 9. e3 b6 10. Be2 Bb7 11. O-O Be7 12. Rfd1 Rc8 13. Rac1 d6 14. Qb1 a6 15. h3 Nb8 16. Nd4 Nbd7 17. b3 Rc7 18. Bf3 Qa8 19. Bxb7 Qxb7 20. Nde2 Rfc8 21. Bg3 Ne5 22. a4 Bf8 23. Rd2 Rc5 24. Rcd1 b5 25. axb5 axb5 26. Nxb5 Ne4 27. Rd4 Nxg3 28. Nxg3 d5 29. Nc3 Nc6 30. R4d2 dxc4 31. bxc4 Qxb1 32. Rxb1 Rxc4 33. Nce4 Ne5 34. Nd6 Rc1+ 35. Rxc1 Rxc1+ 36. Kh2 f5 37. Nb5 Bb4 38. Rb2 Nd3 39. Rb3 Rd1 40. Nd4 Bd6 41. f4 Nxf4 42. Ndxf5 exf5 43. exf4 Bxf4 44. Rf3 g5 45. h4 Kf7 46. hxg5 hxg5 47. Rxf4 gxf4 48. Nxf5 Kf6 49. Nh4 Kg5 50. Kh3 Rh1# 0-1


[Site "https://www.chess.com"]

[Event "Titled Tuesday Blitz June 21 Early 2022"]
[White "Nunez V, Gustavo Eduardo"]
[Black "Aldokhin, Ivan"]
[WhiteFideId "4403690"]
[BlackFideId "24115720"]
[WhiteElo "2228"]
[BlackElo "2231"]
[Result "1-0"]
[Round "02"]
[TimeControl "180+1"]
[Date "2022.06.22"]
[WhiteClock "0:00:12"]
[BlackClock "0:00:08"]

1. e4 e6 2. d4 d5 3. e5 b6 4. g3 Ba6 5. Bxa6 Nxa6 6. Ne2 Qd7 7. O-O c5 8. c3 Ne7 9. a3 c4 10. Nd2 Nc7 11. b4 cxb3 12. Qxb3 Nc6 13. a4 Na5 14. Qa2 Rc8 15. c4 dxc4 16. Nxc4 Nxc4 17. Qxc4 Nd5 18. Qb5 Bb4 19. Ba3 Qxb5 20. axb5 Ba5 21. Rfc1 Kd7 22. Bb2 Rxc1+ 23. Rxc1 Rc8 24. Rxc8 Kxc8 25. Nf4 Nxf4 26. gxf4 Bd2 27. f5 exf5 28. d5 Kd7 29. h4 g5 30. hxg5 Bxg5 31. Kg2 h5 32. Kg3 h4+ 33. Kh3 Kc7 34. Ba3 Kb7 35. Bd6 a6 36. bxa6+ Kxa6 37. e6 fxe6 38. dxe6 Kb5 39. e7 Bxe7 40. Bxe7 Kc4 41. Kxh4 Kd4 42. Bg5 Ke4 43. Kg3 b5 44. Bd2 Kd3 45. Bb4 Ke4 46. f4 Ke3 47. Bd6 Ke4 48. Kh4 b4 49. Kg5 b3 50. Ba3 Kd5 51. Kxf5 b2 52. Bxb2 Kd6 53. Kf6 Kd7 54. Kf7 Kd6 55. f5 Kd5 56. f6 Kd6 57. Ke8 Ke6 58. f7 Kd5 59. f8=Q Kc4 60. Qf7+ Kd3 61. Bf6 Kc2 62. Qd7 Kb1 63. Ke7 Ka2 64. Kd6 Kb3 65. Kc5 Kc2 66. Qd5 Kb1 67. Qg2 Kc1 68. Bc3 1-0


[Site "https://www.chess.com"]